[Event "3rd Mersin Open 2018"]
[Site "Mersin"]
[Date "2018.09.13"]
[Round "5.6"]
[White "Koksal, Ege"]
[Black "Ererdem, Gani Eren"]
[Result "1-0"]
[ECO "E44"]
[WhiteElo "2367"]
[BlackElo "2137"]
[Annotator "NA"]
[PlyCount "79"]
[EventDate "2018.09.09"]
[EventType "swiss"]
[EventCountry "TUR"]
[SourceTitle "playchess.com"]
[Source "ChessBase"]
[SourceQuality "1"]
[TimeControl "5400+30"]

1. d4 Nf6 2. c4 e6 3. Nc3 Bb4 4. e3 b6 5. Nge2 Bb7 6. a3 Be7 7. d5 O-O 8. Ng3 Re8 {[%emt 0:15:30] E44: Nimzo-Indian: Rubinstein: 4...b6 5 Ne2} 9. Be2 {[%emt 0:03:30] LiveBook: 22 Games} d6 10. O-O c6 11. dxe6 fxe6 12. e4 Nbd7 $146 ({Predecessor:} 12... c5 13. Be3 Nc6 14. f4 Nd4 15. Bd3 e5 16. Nd5 {1-0 (83) Guliev,S (2477)-Gorin,L (2388) Koszalin 1999}) 13. f4 Qc7 14. Be3 Rad8 15. Kh1 a6 16. Rc1 Kh8 17. f5 exf5 18. exf5 c5 19. Bf4 Bc6 20. Bf3 b5 21. Qd3 (21. cxb5 $11 axb5 22. Re1) 21... bxc4 22. Qxc4 Qb7 23. Bxc6 Qxc6 24. Rcd1 Nb6 ({Black should play} 24... Bf8 $15) 25. Qxa6 d5 26. Qb5 Rc8 27. Qxc6 Rxc6 28. Nb5 Kg8 29. Na7 Rd6 30. Bxd6 Bxd6 31. Rfe1 Rxe1+ 32. Rxe1 Nc4 33. a4 Bc7 34. Nc6 d4 35. b3 Nd2 36. a5 Nxb3 37. a6 Bb6 38. Ne7+ Kf7 39. Nc8 Nd5 $18 40. Re5 1-0

[Event "3rd Mersin Open 2018"]
[Site "Mersin"]
[Date "2018.09.13"]
[Round "5.7"]
[White "Zor, Alber Kadir"]
[Black "Zeynalli, Rashad"]
[Result "1-0"]
[ECO "A04"]
[WhiteElo "2134"]
[BlackElo "2318"]
[Annotator "NA"]
[PlyCount "85"]
[EventDate "2018.09.09"]
[EventType "swiss"]
[EventCountry "TUR"]
[SourceTitle "playchess.com"]
[Source "ChessBase"]
[SourceQuality "1"]
[TimeControl "5400+30"]

1. Nf3 f5 2. d3 d6 3. e4 e5 4. Nc3 Nf6 5. exf5 {[%emt 0:01:30] A04: Unusual lines after 1 Nf3 and King's Indian Attack} Bxf5 6. d4 e4 7. Nh4 Bg4 8. Be2 Bxe2 9. Qxe2 {[%emt 0:00:00] LiveBook: 20 Games} d5 {[%emt 0:03:30] [#]} 10. Bg5 $1 Bb4 {[%emt 0:05:30] [#]} 11. Qb5+ $1 (11. O-O O-O 12. Nf5 Nc6 {½-½ (36) Grischuk,A (2783)-Ponomariov,R (2731) Beijing 2013}) 11... Nc6 12. Qxb7 Nxd4 13. O-O-O $146 Bxc3 14. bxc3 Rb8 {[%emt 0:10:30] [#]} 15. Bxf6 $1 ({Of course not} 15. Qa6 $6 Nb5 $15) 15... gxf6 {[%emt 0:02:30] [#]} 16. Qa6 $1 Rb6 {[%emt 0:03:30] [#]} 17. Qa4+ $1 Nc6 {[%emt 0:01:30] [#]} 18. Rhe1 $1 O-O {[%emt 0:05:30] [#]} 19. Rxe4 $1 Ne5 (19... f5 $142 20. Rf4 Ne7) 20. Nf5 ({And not} 20. Qxa7 Qd6 $11) 20... Qb8 21. Rxd5 Rb1+ 22. Kd2 Kh8 23. Rexe5 fxe5 24. Qd7 Rg8 25. Qe7 Qf8 26. Qxe5+ Rg7 $18 27. Qxg7+ Qxg7 28. Nxg7 Kxg7 29. Rd7+ Kg6 30. Rxc7 Rg1 31. g3 Rf1 32. Ke2 Rc1 33. Rxa7 Rxc2+ 34. Kf3 Rxc3+ 35. Kg2 h5 36. h4 Rc2 37. a4 Ra2 38. a5 Kf5 39. a6 Kg6 40. Ra8 Kg7 41. a7 Ra3 42. f4 Ra2+ 43. Kh3 1-0

[Event "3rd Mersin Open 2018"]
[Site "Mersin"]
[Date "2018.09.13"]
[Round "5.9"]
[White "Dogan, Nazmi Can"]
[Black "Buke, Furkan"]
[Result "1-0"]
[ECO "E05"]
[WhiteElo "2275"]
[BlackElo "1964"]
[Annotator "NA"]
[PlyCount "107"]
[EventDate "2018.09.09"]
[EventType "swiss"]
[EventCountry "TUR"]
[SourceTitle "playchess.com"]
[Source "ChessBase"]
[SourceQuality "1"]
[TimeControl "5400+30"]

1. d4 Nf6 2. c4 e6 3. g3 d5 4. Nf3 Be7 5. Bg2 O-O 6. O-O dxc4 7. Qc2 b6 {[%emt 0:00:30] E05: Open Catalan: 5 Nf3 Be7} (7... a6 8. a4 Bd7 9. Qxc4 Bc6 10. Bf4 Bd6 11. Nc3 Bxf4 12. gxf4 a5 13. e3 Nbd7 14. Kh1 Ra6 15. Rg1 Rb6 16. Qe2 Ne4 17. Qc2 f5 18. Nxe4 Bxe4 {½-½ (56) Aronian,L (2767)-So,W (2780) Saint Louis 2018}) 8. Bg5 Bb7 9. Bxf6 Bxf6 10. Ng5 Bxg5 11. Bxb7 Nd7 12. Bxa8 Qxa8 13. Qxc4 c5 14. Nc3 Bf6 15. dxc5 Nxc5 16. Rac1 $146 a5 17. b3 Qb7 18. Rfd1 h5 19. h4 Bd8 20. Na4 Be7 21. Nxc5 Bxc5 22. Qf4 Qe7 23. Rd3 e5 24. Qg5 Qe6 (24... Qxg5 {might work better.} 25. hxg5 Kh7) 25. Rd8 Rxd8 26. Qxd8+ Kh7 27. e3 Qg4 28. Qd1 Qf5 29. Qd5 f6 30. Kg2 Qg6 31. Rc4 Kh8 (31... Qe8 $142 32. Qe4+ Kh6) 32. Qa8+ Kh7 33. Qe4 Qxe4+ 34. Rxe4 Kg6 35. Rc4 Kf5 36. Kf3 Ke6 37. g4 hxg4+ 38. Rxg4 Bf8 39. a4 Kd5 40. Ke2 e4 41. f3 exf3+ 42. Kxf3 Ke5 43. h5 Kf5 44. Rg2 Ke5 45. Rd2 Bd6 $18 46. e4 Ke6 47. Rd5 Be7 48. Ke2 Bc5 49. Kd3 Bf2 50. Kc4 Be1 51. Kb5 Bf2 52. Kc6 Be3 53. Rd3 Bf2 54. Rd7 1-0

[Event "3rd Mersin Open 2018"]
[Site "Mersin"]
[Date "2018.09.13"]
[Round "5.10"]
[White "Bacak, Muhammed Kaan"]
[Black "Kazimova, Narmin"]
[Result "1/2-1/2"]
[ECO "A05"]
[WhiteElo "2126"]
[BlackElo "2264"]
[Annotator "NA"]
[PlyCount "56"]
[EventDate "2018.09.09"]
[EventType "swiss"]
[EventCountry "TUR"]
[SourceTitle "playchess.com"]
[Source "ChessBase"]
[SourceQuality "1"]
[TimeControl "5400+30"]

1. Nf3 Nf6 2. g3 c5 {[%emt 0:01:30] A05: Réti Opening: 1 Nf3 Nf6} (2... d5 3. Bg2 e6 4. O-O Be7 5. c4 O-O 6. b3 c5 7. cxd5 Nxd5 8. Bb2 Nc6 9. d4 cxd4 10. Nxd4 Nxd4 11. Qxd4 Bf6 12. Qd2 Nf4 13. gxf4 Qxd2 14. Nxd2 Bxb2 15. Rab1 Bf6 16. Rbc1 Rd8 17. Ne4 Be7 18. Rc7 Kf8 19. Rfc1 {1-0 (49) Kramnik,V (2792)-Mamedyarov,S (2808) Paris 2018}) 3. b3 Nc6 4. Bb2 d6 5. Bg2 e5 6. O-O Be7 7. c4 h6 8. e3 $146 ({Predecessor:} 8. Nc3 Be6 9. d3 Qd7 10. Re1 g5 11. e3 {1-0 (40) Drmic,T (2219)-Ivekovic,Z (2345) Sibenik 2016}) 8... O-O 9. d4 exd4 10. exd4 Bf5 11. Nc3 Re8 12. Qd2 (12. d5 $5 Nb4 13. Ne1 $11) 12... Bh7 13. Rad1 Nb4 14. dxc5 dxc5 15. Ne5 Bc2 16. Qxd8 Raxd8 17. Rxd8 Bxd8 18. f4 Nd3 19. Nxd3 ({Bitte nicht} 19. Bxb7 $6 Nxb2 20. Rf2 {[#]} Nxc4 $1 $11 ) 19... Bxd3 20. Rd1 Bf5 21. Bxb7 Ba5 22. Bg2 Bg4 23. Rf1 Re3 24. Nd5 (24. Na4 $16) 24... Nxd5 25. Bxd5 Bh3 26. Bg2 Re2 $11 27. Bxh3 Rxb2 28. Rf2 Bd2 1/2-1/2

[Event "3rd Mersin Open 2018"]
[Site "Mersin"]
[Date "2018.09.13"]
[Round "5.11"]
[White "Ozcan, Berk"]
[Black "Subasi, Fidel"]
[Result "1-0"]
[ECO "C18"]
[WhiteElo "1617"]
[BlackElo "1659"]
[Annotator "NA"]
[PlyCount "71"]
[EventDate "2018.09.09"]
[EventType "swiss"]
[EventCountry "TUR"]
[SourceTitle "playchess.com"]
[Source "ChessBase"]
[SourceQuality "1"]
[TimeControl "5400+30"]

1. e4 e6 2. d4 d5 3. Nc3 Bb4 4. e5 Ne7 5. a3 Bxc3+ 6. bxc3 c5 7. Qg4 Qc7 8. Qxg7 Rg8 9. Qxh7 cxd4 10. Ne2 Nbc6 11. f4 dxc3 12. h4 Bd7 13. h5 O-O-O 14. Qd3 d4 15. h6 Ng6 16. Rb1 Be8 17. Rh3 a6 18. Qe4 Ncxe5 19. Nxd4 Nc6 20. Nb3 Nce7 21. Na5 Bc6 22. Nxc6 Nxc6 23. Rxc3 Rd4 24. Qxd4 Nxd4 25. Rxc7+ Kxc7 26. Bd3 Nh8 27. Kf2 f6 28. Bb2 e5 29. Bxd4 exd4 30. Re1 Kd6 31. Re4 Nf7 32. Rxd4+ Ke7 33. h7 Rh8 34. g4 Nd6 35. g5 f5 36. Rxd6 1-0

[Event "3rd Mersin Open 2018"]
[Site "Mersin"]
[Date "2018.09.13"]
[Round "5.12"]
[White "Hatirli, Ugur Can"]
[Black "Kizilkus, Tanju"]
[Result "1/2-1/2"]
[ECO "D78"]
[WhiteElo "1608"]
[BlackElo "1594"]
[Annotator "NA"]
[PlyCount "92"]
[EventDate "2018.09.09"]
[EventType "swiss"]
[EventCountry "TUR"]
[SourceTitle "playchess.com"]
[Source "ChessBase"]
[SourceQuality "1"]
[TimeControl "5400+30"]

1. d4 Nf6 2. Nf3 g6 3. g3 Bg7 4. Bg2 O-O 5. O-O d5 6. c4 c6 7. b3 Ne4 8. Bb2 Nd7 9. Nbd2 Ndf6 10. e3 Qa5 11. Nxe4 Nxe4 12. Qc2 Bf5 13. Qe2 Bg4 14. Rfd1 dxc4 15. h3 Bxf3 16. Bxf3 Ng5 17. Bg2 cxb3 18. axb3 Qf5 19. g4 Qe6 20. Qd3 h6 21. f4 Nh7 22. d5 cxd5 23. Bxg7 Kxg7 24. Bxd5 Qb6 25. Qd4+ Nf6 26. Qxb6 axb6 27. Bxb7 Rxa1 28. Rxa1 Rd8 29. Ra6 Rd3 30. Rxb6 Rxe3 31. Bg2 h5 32. Kf2 Rc3 33. g5 Ne8 34. Rb7 e6 35. b4 Nd6 36. Rb6 Nf5 37. b5 Rc2+ 38. Kg1 Rc1+ 39. Kf2 Rc4 40. Rb8 Rxf4+ 41. Kg1 Ne3 42. Bc6 Rf1+ 43. Kh2 h4 44. b6 Rf2+ 45. Kg1 Rf1+ 46. Kh2 Rf2+ 1/2-1/2

[Event "3rd Mersin Open 2018"]
[Site "Mersin"]
[Date "2018.09.13"]
[Round "5.13"]
[White "Polat, Ahmet Eren"]
[Black "Kiyak, Ali"]
[Result "1/2-1/2"]
[ECO "C55"]
[WhiteElo "1669"]
[BlackElo "1580"]
[Annotator "NA"]
[PlyCount "50"]
[EventDate "2018.09.09"]
[EventType "swiss"]
[EventCountry "TUR"]
[SourceTitle "playchess.com"]
[Source "ChessBase"]
[SourceQuality "1"]
[TimeControl "5400+30"]

1. e4 e5 2. Nf3 Nc6 3. Bc4 Be7 4. d3 Nf6 5. c3 O-O 6. Bb3 d6 7. Nbd2 Kh8 8. Nf1 Ng8 9. Ng3 f5 10. exf5 Bxf5 11. Nxf5 Rxf5 12. Bc2 d5 13. Qe2 Qf8 14. O-O Re8 15. d4 e4 16. Ne1 Bd6 17. Be3 Qf6 18. g3 g5 19. Qh5 Re6 20. Kg2 Qg7 21. h3 Nce7 22. Qe2 Ng6 23. Kh1 Nf6 24. Rg1 Qh6 25. h4 Nf4 1/2-1/2

[Event "3rd Mersin Open 2018"]
[Site "Mersin"]
[Date "2018.09.14"]
[Round "5.14"]
[White "Soltani, Fardin"]
[Black "Ilkbahar, Nimet Seray"]
[Result "1/2-1/2"]
[ECO "B12"]
[WhiteElo "1644"]
[BlackElo "1545"]
[Annotator "NA RC"]
[PlyCount "48"]
[EventDate "2018.09.09"]
[EventType "swiss"]
[EventCountry "TUR"]
[SourceTitle "playchess.com"]
[Source "ChessBase"]
[SourceQuality "1"]
[TimeControl "5400+30"]

1. e4 c6 2. d4 d5 3. e5 Bf5 4. Bd3 Bxd3 5. Qxd3 e6 6. f4 c5 7. Ne2 Ne7 8. O-O Nf5 9. c3 Nc6 10. g4 Nh4 11. Be3 c4 12. Qc2 h5 13. gxh5 Nf5 14. Bf2 Rxh5 15. Ng3 Nxg3 16. Bxg3 Ne7 17. Qe2 g6 18. b3 b5 19. a4 bxa4 20. bxc4 Qd7 21. Qa2 dxc4 22. Qxc4 a3 23. Nxa3 Nd5 24. Qd3 Rb8 1/2-1/2